Map: Proxima Station LE

Players

niceUsername

  • Race: Terran Terran
  • Spawn Location: 7:00

Caliber - Winner!

  • Race: Protoss Protoss
  • Spawn Location: 1:00

Event: WCS Austin 2017

VOD

Have the link to the VOD?

Description

Time

  • Played on: April 28, 2017, 2 p.m.
  • Length: 10:26

All games in this series

Show
View Real Time Build Order
Export as new Build Order

niceUsername Terran 

Build Orders: MMM Bio 

Get SALT Encoding   

  12  0:00  SCV  
  13  0:12  SCV  
  14  0:17  Supply Depot  
  14  0:24  SCV  
  15  0:35  Refinery  
  15  0:39  SCV  
  16  0:46  Barracks  
  16  0:51  SCV  
  17  1:03  SCV  
  18  1:15  SCV  
  19  1:26  Supply Depot  
  19  1:27  SCV  
  20  1:39  SCV  
  21  1:43  Command Center  
  21  1:46  Marine  
  22  1:52  SCV  
  23  2:17  Factory  
  23  2:20  Supply Depot  
  23  2:30  Orbital Command  
  23  2:41  Marine  
  24  2:55  Command Center  
  24  2:57  SCV  
  25  3:00  Marine  
  25  3:04  Factory Reactor  
  26  3:06  Widow Mine  
  28  3:14  Starport  
  28  3:17  SCV  
  28  3:18  Marine  
  30  3:20  Orbital Command  
  30  3:28  Refinery  
  30  3:29  SCV  
  31  3:35  Widow Mine  
  31  3:41  SCV  
  34  3:44  Supply Depot  
  34  3:47  Engineering Bay  
  34  3:53  SCV x2  
  36  3:59  Barracks Tech Lab  
  36  4:05  SCV x2  
  36  4:07  Medivac  
  36  4:09  SCV  
  41  4:11  Widow Mine  
  41  4:17  Barracks, SCV  
  43  4:21  SCV  
  43  4:22  Barracks  
  43  4:23  Marine, SCV  
  47  4:29  SCV  
  48  4:33  SCV  
  48  4:35  SCV  
  50  4:41  Marine, SCV  
  50  4:45  SCV  
  53  4:51  SCV  
  54  4:59  Marine  
  55  5:03  Marine, SCV  
  55  5:05  Widow Mine, Medivac, Orbital Command  
  61  5:09  SCV  
  61  5:10  Barracks  
  61  5:12  Barracks, Barracks Tech Lab  
  62  5:17  Marine  
  62  5:20  SCV  
  64  5:26  Marine, SCV  
  64  5:41  Marine x2  
  57  5:43  Stimpack  
  57  5:44  Marine, SCV x3  
  57  5:48  Engineering Bay  
  61  5:50  Factory Reactor, Refinery x2, Engineering Bay  
  61  5:51  Starport Reactor  
  61  5:53  Combat Shields  
  61  5:56  SCV  
  62  5:58  Orbital Command  
  62  5:59  Marine  
  63  6:05  SCV  
  63  6:07  Barracks  
  64  6:17  SCV  
  64  6:18  SCV  
  64  6:23  Marine x2  
  64  6:29  SCV x2  
  64  6:30  Marine x2, SCV  
  69  6:34  Barracks  
  69  6:35  Terran Infantry Armor Level 1, Terran Infantry Weapons Level 1, Barracks  
  69  6:38  Supply Depot  
  69  6:40  Supply Depot  
  69  6:42  Widow Mine, Medivac, Marine x2, SCV x2  
  69  6:47  Supply Depot  
  77  6:48  SCV  
  77  6:49  Supply Depot, Barracks  
  77  6:50  Marine  
  77  6:51  Marine  
  77  7:00  Medivac, Marine, SCV x3  
  83  7:03  Marine  
  83  7:08  Marine  
  84  7:09  Marine  
  84  7:12  SCV x3  
  89  7:17  Supply Depot, Marine  
  89  7:21  Marine  
  89  7:23  Missile Turret  
  89  7:24  Missile Turret, SCV  
  89  7:26  Marauder  
  89  7:27  Marine  
  89  7:28  Missile Turret x2, SCV  
  94  7:32  Missile Turret x2  
  94  7:35  SCV  
  94  7:36  SCV  
  96  7:38  Barracks Reactor, Barracks Tech Lab x2, Armory  
  96  7:40  Marine  
  97  7:45  Marauder  
  97  7:47  Widow Mine  
  97  7:48  Medivac, Marauder  
  97  7:51  SCV x2  
  104  7:52  SCV  
  104  7:57  Marine  
  104  7:58  Marine, Barracks Reactor, Marauder, Barracks Tech Lab  
  109  8:03  SCV  
  110  8:06  Marauder  
  110  8:09  Marine, SCV  
  113  8:14  Marine  
  113  8:15  Marine x3  
  117  8:25  Viking, Supply Depot, Marauder, Marine x2  
  117  8:26  Supply Depot, Marine  
  123  8:27  Refinery x2, Marine  
  123  8:28  Viking  
  123  8:32  Marine  
  123  8:33  Marine x2  
  123  8:34  Marine x3  
  133  8:42  SCV  
  133  8:43  Supply Depot  
  133  8:47  Marauder x2, Marine x3  
  140  8:50  Marine  
  140  8:51  Marine x3  
  140  8:54  Marine x2  
  143  9:05  Marine x3  
  143  9:08  Marine x3  
  143  9:09  Marine x3  
  136  9:13  Marine x2  
  114  9:22  Marine  
  114  9:23  Marauder x2  
  112  9:26  Marauder, Marine  
  112  9:27  Marine x4  
  112  9:28  Widow Mine  
  112  9:29  Widow Mine  
  112  9:31  Marine x2  
  122  9:34  SCV  
  124  9:40  Marine  
  124  9:43  Marine  
  124  9:44  Marauder, Marine  
  124  9:45  Marine x3  
  127  9:46  Marauder  
  127  9:47  Marine  
  127  9:48  Marine  
  127  9:49  Marine  
  123  9:57  Widow Mine x2  
  123  9:59  Marauder  
  129  10:01  Marine  
  129  10:02  Marauder, SCV  
  129  10:03  Marine  
Show
View Real Time Build Order
Export as new Build Order

Caliber Protoss - Winner!

Build Orders: 1 Gate Expand, Phoenix Opening 

Get SALT Encoding   

  12  0:00  Probe (Chrono Boost)  
  13  0:11  Probe (Chrono Boost)  
  14  0:17  Pylon  
  14  0:22  Probe (Chrono Boost)  
  15  0:35  Probe (Chrono Boost)  
  16  0:38  Gateway  
  16  0:46  Probe (Chrono Boost)  
  16  0:48  Assimilator  
  17  0:56  Probe (Chrono Boost)  
  18  1:07  Probe (Chrono Boost)  
  19  1:17  Probe (Chrono Boost)  
  20  1:29  Nexus  
  20  1:32  Probe (Chrono Boost)  
  21  1:43  Pylon  
  21  1:48  Cybernetics Core  
  21  1:54  Assimilator  
  21  1:56  Probe (Chrono Boost)  
  22  2:07  Probe (Chrono Boost)  
  23  2:17  Probe (Chrono Boost)  
  24  2:25  Warp Gate  
  24  2:28  Adept  
  24  2:29  Mothership Core (Chrono Boost)  
  27  2:42  Probe (Chrono Boost)  
  28  2:47  Probe (Chrono Boost)  
  29  2:52  Probe (Chrono Boost)  
  29  2:57  Stargate  
  29  2:58  Probe (Chrono Boost)  
  31  3:03  Probe (Chrono Boost)  
  32  3:08  Probe (Chrono Boost)  
  32  3:09  Stalker  
  35  3:13  Probe (Chrono Boost)  
  35  3:17  Pylon  
  35  3:19  Probe (Chrono Boost)  
  37  3:24  Probe (Chrono Boost)  
  38  3:29  Probe (Chrono Boost)  
  39  3:34  Probe (Chrono Boost)  
  39  3:39  Robotics Facility  
  39  3:40  Probe (Chrono Boost)  
  41  3:42  Phoenix  
  41  3:45  Probe (Chrono Boost)  
  41  3:46  Assimilator  
  44  3:50  Probe (Chrono Boost), Pylon  
  45  3:56  Probe (Chrono Boost)  
  45  4:01  Probe (Chrono Boost)  
  45  4:02  Adept  
  49  4:06  Probe (Chrono Boost)  
  50  4:16  Phoenix  
  52  4:18  Probe x2 (Chrono Boost)  
  52  4:22  Pylon  
  52  4:23  Assimilator  
  54  4:30  Pylon  
  54  4:33  Observer  
  54  4:35  Probe x2 (Chrono Boost)  
  57  4:41  Phoenix  
  59  4:46  Probe x2 (Chrono Boost)  
  61  4:56  Probe (Chrono Boost), Pylon  
  61  4:59  Probe (Chrono Boost), Pylon, Gateway  
  63  5:01  Gateway  
  63  5:06  Phoenix  
  66  5:07  Probe (Chrono Boost)  
  66  5:10  Adept  
  68  5:22  Pylon  
  68  5:29  Nexus  
  68  5:31  Phoenix  
  68  5:34  Robotics Bay  
  68  5:41  Probe x2 (Chrono Boost)  
  67  5:49  Immortal  
  67  5:52  Probe (Chrono Boost)  
  67  5:54  Probe (Chrono Boost)  
  73  6:02  Probe (Chrono Boost)  
  74  6:05  Probe (Chrono Boost)  
  74  6:08  Adept x2  
  74  6:09  Adept  
  81  6:13  Probe (Chrono Boost)  
  81  6:17  Extended Thermal Lance  
  82  6:21  Colossus  
  82  6:29  Forge  
  88  6:36  Void Ray  
  94  6:40  Probe x2 (Chrono Boost)  
  94  6:47  Pylon  
  94  6:52  Probe x2 (Chrono Boost), Protoss Ground Weapons Level 1  
  96  7:00  Stalker x2  
  100  7:01  Stalker  
  100  7:05  Probe (Chrono Boost)  
  100  7:07  Probe x2 (Chrono Boost)  
  105  7:13  Colossus  
  105  7:16  Probe (Chrono Boost)  
  105  7:19  Probe x2 (Chrono Boost)  
  114  7:25  Twilight Council  
  114  7:26  Probe (Chrono Boost)  
  114  7:27  Gateway  
  115  7:30  Pylon  
  115  7:32  Probe x2 (Chrono Boost)  
  115  7:33  Assimilator  
  115  7:35  Adept  
  115  7:36  Assimilator  
  119  7:39  Stalker  
  119  7:40  Adept  
  123  7:48  Void Ray  
  127  8:10  Probe (Chrono Boost)  
  127  8:11  Blink  
  126  8:14  Stalker x3  
  132  8:24  Pylon  
  132  8:26  Probe (Chrono Boost)  
  133  8:27  Pylon x2  
  133  8:30  Pylon  
  133  8:35  Pylon, Colossus  
  133  8:37  Pylon  
  133  8:44  Probe (Chrono Boost)  
  140  8:53  Stalker x2  
  140  8:54  Stalker  
  146  8:57  Void Ray  
  138  9:21  Colossus  
  138  9:24  Stalker  
  138  9:25  Stalker x3  
  152  9:34  Photon Cannon  
  152  9:35  Photon Cannon  
  152  9:36  Photon Cannon  
  152  9:37  Photon Cannon  
  152  9:39  Void Ray  
  152  9:43  Probe x2 (Chrono Boost)  
  152  9:44  Probe (Chrono Boost)  
  154  9:48  Stalker x2  
  154  9:49  Stalker x2  
  162  10:04  Templar Archives  
  162  10:05  Gateway  
  152  10:22  Stalker x2  
  152  10:23  Stalker x2  
Tags
 
Add a new tag
Caveats
  • Supply blocks, unpowered buildings, or Contaminate may cause inaccurate times.
  • Supply counts are checked every 10 seconds.